Cogmind - Beta 13 X1 @@@ ROGUE MODE // 2023.07.12 @ 21:42:55 Player: Momo Result: Destroyed by WM-08C(R) with Subdweller Shrapnel Launcher Performance ------------- Evolutions (0) 0 Regions Visited (3) 600 Robots Destroyed (21) 105 Value Destroyed (534) 534 Prototype IDs (13) 260 Alien Tech Used (0) 0 Bonus (90) 90 TOTAL SCORE: 1589 Bonus ------- Follower Combat Kills 90 Cogmind --------- Core Integrity 0/250 Matter 300/300 Energy 125/125 System Corruption 0% Temperature Cool (0) Movement Rolling (140) Ox4 Location -10/Subcaves Parts ------- > --- POWER (1) -------- Light Ion Engine > --- PROPULSION (2) --- Wheel > --- UTILITY (2) ------ High-capacity Storage Unit V3-11A's Pendant > --- WEAPON (2) ------- Hammer > --- INVENTORY (20) --- Cargo Legs Large Matter Pod (150) Medium Laser Small Laser Subdweller Laser Subdweller Beam Cannon Subdweller Beam Cannon Subdweller Beam Cannon Light Assault Rifle Light Assault Rifle Battle Rifle Subdweller Machine Gun Subdweller Machine Gun Makeshift Shrapnel Gun Light Cannon Battle Cannon Battle Cannon Battle Cannon Peak State ------------ > --- POWER ------------ Light Ion Engine > --- PROPULSION ------- Wheel Wheel > --- UTILITY ---------- High-capacity Storage Unit V3-11A's Pendant > --- WEAPON ----------- Subdweller Shrapnel Launcher Hammer > --- INVENTORY -------- Cargo Legs Large Matter Pod Medium Laser Small Laser Subdweller Laser Subdweller Beam Cannon Subdweller Beam Cannon Subdweller Beam Cannon Light Assault Rifle Light Assault Rifle Battle Rifle Subdweller Machine Gun Subdweller Machine Gun Makeshift Shrapnel Gun Light Cannon Battle Cannon Battle Cannon Grenade Launcher [Rating: 14] Favorites ----------- Power Light Ion Engine Engine Light Ion Engine Propulsion Wheel Wheel Wheel Utility High-capacity Storage Unit Device V3-11A's Pendant Storage High-capacity Storage Unit Weapon Grenade Launcher Energy Gun Medium Laser Ballistic Gun Light Assault Rifle Launcher Grenade Launcher Impact Weapon Hammer Build | -11 -10 -10 -10 ------- Run | Jun Mat Min Sub Slots Evolved . | . . . . Power . | . . . . Propulsion . | . . . . Utility . | . . . . Weapon . | . . . . Parts Attached 20 | 4 4 . 12 Power 3 | . 2 . 1 Engine 3 | . 2 . 1 Core . | . . . . Reactor . | . . . . Propulsion 5 | 2 . . 3 Treads . | . . . . Leg . | . . . . Wheel 5 | 2 . . 3 Hover . | . . . . Flight . | . . . . Utility 2 | . 1 . 1 Device 1 | . . . 1 Storage 1 | . 1 . . Processor . | . . . . Hackware . | . . . . Protection . | . . . . Artifact . | . . . . Weapon 10 | 2 1 . 7 Energy Gun 2 | 1 . . 1 Energy Cannon . | . . . . Ballistic Gun 3 | 1 . . 2 Ballistic Cannon . | . . . . Launcher 4 | . 1 . 3 Special Weapon . | . . . . Impact Weapon 1 | . . . 1 Slashing Weapon . | . . . . Piercing Weapon . | . . . . Special Melee Weapon . | . . . . Unidentified Prototypes 1 | . . . 1 Parts Lost 6 | . . 1 5 Power 1 | . . . 1 Propulsion 2 | . . 1 1 Utility . | . . . . Weapon 3 | . . . 3 Highest Loss Streak 2 | . . 1 2 To Critical Strikes 1 | . . . 1 Average Slot Usage (%) 85 | . 72 82 87 Engine 9 | . 7 14 9 Wheel 26 | . 28 25 26 Device 6 | . . . 7 Storage 13 | . 8 14 14 Energy Gun 1 | . 9 . . Ballistic Gun 9 | . 14 14 7 Launcher 12 | . 4 14 13 Impact Weapon 5 | . . . 6 Naked Turns . | . . . . Heaviest Build 54 | 3 49 49 54 Greatest Support 30 | 10 20 20 30 Greatest Overweight (x) 5 | . 2 4 5 Average Overweight (x) 1 | . . 2 1 Largest Inventory Capacity 20 | 5 20 20 20 Average Capacity 18 | 5 13 20 20 Most Carried 20 | 2 12 12 20 Average Carried 15 | 1 7 12 17 Final Capacity 20 | 5 20 20 20 Final Carried 19 | 2 12 12 19 Class Distribution -------------------- 100% | Mutant Dominant Class ---------------- Mutant | -10/Materials Mutant | -10/Mines Mutant | -10/Subcaves Resources | -11 -10 -10 -10 ----------- Run | Jun Mat Min Sub Matter Collected 801 | 240 190 14 357 Remotely . | . . . . Salvage Created 546 | . 229 29 288 Parts 39 | . 15 3 21 Haulers Intercepted 2 | . 2 . . Recyclers Shooed . | . . . . Parts Field Recycled . | . . . . Retrieved Matter . | . . . . Parts Self-Destructed 7 | . . . 7 Prevented . | . . . . Kills | -11 -10 -10 -10 ------- Run | Jun Mat Min Sub Combat Hostiles Destroyed 20 | . 8 4 8 Guns 5 | . 4 . 1 AOE 15 | . 4 4 7 Classes Destroyed 7 | . 4 1 2 Hauler 2 | . 2 . . Operator 1 | . 1 . . Swarmer 7 | . 7 . . Grunt 4 | . 1 2 1 Sentry 1 | . . . 1 Subdweller 6 | . . . 6 Assembled 2 | . . 2 . Best Kill Streak 6 | . 6 2 3 Combat Bots Only 5 | . 5 2 3 Max Kills in Single Turn 3 | . 3 1 2 Gunslinging . | . . . . Exploded 2 | . 2 1 2 Melee . | . . . . Uniques/NPCs Destroyed . | . . . . Combat | -11 -10 -10 -10 -------- Run | Jun Mat Min Sub Damage Taken 797 | . 184 119 494 Core 262 | . 60 42 160 Absorbed by Shields . | . . . . Core Remaining (%) 100 | 100 . . . Volleys Fired 49 | . 26 9 14 Largest 2 | . 2 1 2 Hottest 70 | . 70 30 40 Shots Fired 73 | . 48 9 16 Gun 48 | . 44 . 4 Cannon . | . . . . Launcher 25 | . 4 9 12 Special . | . . . . Kinetic 26 | . 22 . 4 Thermal 22 | . 22 . . Explosive 25 | . 4 9 12 Electromagnetic . | . . . . Robot Hit Streak 11 | . 3 6 11 Robot Miss Streak 4 | . 4 . 1 Penetration Max . | . . . . Secondary Targets . | . . . . Shots Hit Robots 39 | . 21 6 12 Core Hits 35 | . 15 10 10 Critical Kills . | . . . . Critical Parts Destroyed . | . . . . Critical Strikes 1 | . 1 . . Burn 1 | . 1 . . Melee Attacks 28 | . . . 28 Impact 28 | . . . 28 Slashing . | . . . . Piercing . | . . . . Sneak Attacks . | . . . . Combat Hostiles . | . . . . Follow-up Attacks . | . . . . Damage Inflicted 1279 | . 434 305 540 Guns 247 | . 212 . 35 Cannons . | . . . . Explosions 1032 | . 222 305 505 Melee . | . . . . Ramming . | . . . . Kinetic 87 | . 52 . 35 Thermal 160 | . 160 . . Explosive 1032 | . 222 305 505 Electromagnetic . | . . . . Impact . | . . . . Slashing . | . . . . Piercing . | . . . . Highest Corruption . | . . . . Average Corruption . | . . . . Corruption Purged . | . . . . Corruption Blocked . | . . . . Overload Shots . | . . . . Overflow Damage 34 | . . . 34 Projectiles . | . . . . Explosions 34 | . . . 34 Melee . | . . . . Knockbacks . | . . . . Impact . | . . . . Kinetic . | . . . . Secondary . | . . . . Self-Inflicted Damage 107 | . 30 10 67 Shots 6 | . 1 2 3 Rammed . | . . . . Targets Rammed . | . . . . Kicked . | . . . . Crushed . | . . . . Highest Temperature 170 | . 170 4 . Average Temperature 55 | . 57 4 . Received Heat Transfer 93 | . 12 18 63 Siege Activations . | . . . . Robots Corrupted . | . . . . Combat Hostiles . | . . . . Parts Fried . | . . . . Impact Corruptions . | . . . . Robots Melted . | . . . . Combat Hostiles . | . . . . Parts Melted 2 | . 2 . . Heat Transferred 555 | . 555 . . Parts Sabotaged . | . . . . Parts Stolen . | . . . . Parts Stripped . | . . . . Power Chain Reactions . | . . . . Missiles Intercepted . | . . . . Alert | -11 -10 -10 -10 ------- Run | Jun Mat Min Sub Peak Influence 339 | . 339 214 . Initial 132 | . . 132 . Average 137 | . 127 190 . Maximum Alert Level 1 | . 1 1 . Low Security (%) 66 | 100 72 44 . Level 1 33 | . 27 55 . Level 2 . | . . . . Level 3 . | . . . . Level 4 . | . . . . Level 5 . | . . . . High Security . | . . . . Max Security . | . . . . Squads Dispatched . | . . . . Investigation . | . . . . Extermination . | . . . . Reinforcement . | . . . . Assault . | . . . . Garrison . | . . . . Intercept . | . . . . Searches Triggered . | . . . . Construction Impeded . | . . . . Haulers Reinforced . | . . . . Active Scanning Responses . | . . . . Cargo Convoy Interrupts . | . . . . Stealth | -11 -10 -10 -10 --------- Run | Jun Mat Min Sub Distress Signals 1 | . 1 . . Communications Jammed . | . . . . Distress Signals . | . . . . Times Spotted 37 | . 19 5 13 Peak Tracking Total 7 | . 7 3 3 Tactical Retreats 3 | . 2 1 . Traps | -11 -10 -10 -10 ------- Run | Jun Mat Min Sub Traps Triggered 1 | . . . 1 Indirectly . | . . . . Trap Hack Attempts . | . . . . Triggered . | . . . . Disarmed . | . . . . Reprogrammed . | . . . . Reused . | . . . . Traps Extracted . | . . . . Installed . | . . . . Triggered . | . . . . Machines | -11 -10 -10 -10 ---------- Run | Jun Mat Min Sub Machines Disabled 2 | . . 1 1 Max in Single Turn 1 | . . 1 1 Machines Repaired . | . . . . Machines Sabotaged . | . . . . Overloaded Fab Kills . | . . . . Hacking | -11 -10 -10 -10 --------- Run | Jun Mat Min Sub Machines Accessed 5 | . 3 . 2 Terminals 3 | . 3 . . Fabricators . | . . . . Repair Stations . | . . . . Recycling Units . | . . . . Scanalyzers . | . . . . Garrison Access . | . . . . Total Hacks 17 | . 6 . 11 Successful 13 | . 2 . 11 Failed 4 | . 4 . . Catastrophic 1 | . 1 . . Database Lockouts . | . . . . Manual . | . . . . Terminals 6 | . 6 . . Fabricators . | . . . . Repair Stations . | . . . . Recycling Units . | . . . . Scanalyzers . | . . . . Garrison Access . | . . . . Terminal Hacks 13 | . 2 . 11 Record 10 | . . . 10 Prototype ID Bank 1 | . 1 . . Transport Status 1 | . 1 . . Derelict Proto ID Bank 1 | . . . 1 Fabricator Hacks . | . . . . Repair Station Hacks . | . . . . Recycling Unit Hacks . | . . . . Scanalyzer . | . . . . Garrison Access Hacks . | . . . . Unauthorized Hacks . | . . . . Terminals . | . . . . Fabricators . | . . . . Repair Stations . | . . . . Recycling Units . | . . . . Scanalyzers . | . . . . Garrison Access . | . . . . Data Cores Recovered 1 | . 1 . . Used . | . . . . Hacking Detections 2 | . 2 . . Full Trace Events . | . . . . Feedback Events . | . . . . Feedback Blocked . | . . . . Robot Schematics Acquired . | . . . . Robots Built . | . . . . Authchips . | . . . . Time . | . . . . Total Robot Build Rating . | . . . . Part Schematics Acquired . | . . . . Parts Built . | . . . . Authchips . | . . . . Time . | . . . . Total Part Build Rating . | . . . . Parts Repaired . | . . . . Time . | . . . . Parts Recycled . | . . . . Recycled Matter . | . . . . Retrieved Matter . | . . . . Retrieved Components . | . . . . Parts Scanalyzed . | . . . . Part Schematics Acquired . | . . . . Parts Damaged . | . . . . Bothacking | -11 -10 -10 -10 ------------ Run | Jun Mat Min Sub Used RIF Installer . | . . . . Robots Hacked . | . . . . Non-combat . | . . . . Combat . | . . . . Robot Hacks Applied . | . . . . Relay Couplers Released . | . . . . Fabnet Peak Effective % . | . . . . Robots Rewired . | . . . . Allies Hacked . | . . . . Hacks Repelled . | . . . . Allies | -11 -10 -10 -10 -------- Run | Jun Mat Min Sub Total Allies 6 | . . 3 3 Largest Group 3 | . . 3 2 Highest-Rated Group 40 | . . 40 38 Highest-Rated Ally 19 | . . 16 19 Total Orders . | . . . . Ally Attacks 20 | . . 14 6 Total Damage 284 | . . 137 147 Kills 4 | . . 1 3 Allies Corrupted . | . . . . Allies Melted . | . . . . Intel | -11 -10 -10 -10 ------- Run | Jun Mat Min Sub Robot Analysis Total . | . . . . Derelict Logs Recovered 1 | . . . 1 Drone Launches . | . . . . Drone Recoveries . | . . . . Exploration | -11 -10 -10 -10 ------------- Run | Jun Mat Min Sub Turns Passed 2435 | 34 335 155 1911 Spaces Moved 2064 | 51 329 120 1564 Core 244 | 49 195 . . Treads . | . . . . Legs . | . . . . Wheels 1820 | 2 134 120 1564 Hover . | . . . . Flight . | . . . . Fastest Speed 50 | 50 50 110 107 Average Speed 103 | 51 74 114 111 Slowest Speed 155 | 80 110 140 155 Overloaded Moves . | . . . . Propulsion Burnouts . | . . . . Robots Hopped . | . . . . Cave-ins Triggered . | . . . . Exploration Rate (%) 43 | 3 68 23 80 Regions Visited 3 Branch Regions 2 Pre-discovered Areas 2 | . . . 2 Known Exits Taken . | . . . . Unknown Exits Taken 3 | 1 1 1 . Scrap Searched 7 | . . . 7 Spaces Dug 1 | . . . 1 Terrain Destroyed 109 | . 25 33 51 Melee 1 | . . . 1 Projectile . | . . . . AOE 108 | . 25 33 50 Terrain Rammed . | . . . . Walls Destroyed . | . . . . Machines Disabled . | . . . . Actions | -11 -10 -10 -10 --------- Run | Jun Mat Min Sub Total 2235 | 56 376 128 1675 Wait 32 | . 3 . 29 Move 2061 | 50 328 119 1564 Hop . | . . . . Pick Up 32 | 2 12 . 18 Fast Attach 9 | 4 2 . 3 Attach 3 | . . . 3 Detach . | . . . . Swap 8 | . 2 . 6 Drop 13 | . 3 . 10 Fire 49 | . 26 9 14 Melee 28 | . . . 28 Ram . | . . . . Kick . | . . . . Crush . | . . . . Escape Stasis . | . . . . Rewire . | . . . . Trap . | . . . . Miscellaneous . | . . . . Route ------- -11/Junkyard -10/Materials (discovered 3 exits: [*Mat x2] / [*Min]) -10/Mines -10/Subcaves (discovered 1 exit: [*Mat]) History --------- Turn | Location | Event 9 | -11/Junkyard | Discovered new exit (range 16) 35 | -11/Junkyard | Entered Materials 106 | -10/Materials | Discovered new exit (range 16) 291 | -10/Materials | Discovered new exit (range 15) 310 | -10/Materials | Build established: Mutant 346 | -10/Materials | Discovered new exit (range 13) 370 | -10/Materials | Entered Mines 399 | -10/Mines | Assisted by bots powering up and referring to "LRC-V3" 434 | -10/Mines | Assembled infested the area 487 | -10/Mines | Discovered new exit (range 15) 525 | -10/Mines | Entered Subcaves 525 | -10/Subcaves | Discovered new exit (range 13) 533 | -10/Subcaves | Shifting Twisted Machinery released Sub. Monowheel 536 | -10/Subcaves | Shifting Twisted Machinery released Battle Rifle 634 | -10/Subcaves | Disturbed a concealed Subdweller 648 | -10/Subcaves | Ambushed by Subdwellers from Twisted Machinery 714 | -10/Subcaves | Core integrity fell below 50% 814 | -10/Subcaves | Learned Materials garrison access intel 1075 | -10/Subcaves | Learned location of Zion (-7) 1075 | -10/Subcaves | Met a Zionite searching for "candidates" 1143 | -10/Subcaves | A swath of the cavern ceiling suddenly collapsed 1300 | -10/Subcaves | Visited Clippyterm 1303 | -10/Subcaves | Learned location of Extension (-6) 1346 | -10/Subcaves | Visited triangular shrine 1352 | -10/Subcaves | Found Prototype Device 1352 | -10/Subcaves | Identified V3-11A's Pendant 1357 | -10/Subcaves | Befriended Subdweller 1461 | -10/Subcaves | A swath of the cavern ceiling suddenly collapsed 2057 | -10/Subcaves | Befriended Subdweller 2114 | -10/Subcaves | Shifting Twisted Machinery released Sub. Beam Cannon 2183 | -10/Subcaves | Visited 4L-MR0's lab 2202 | -10/Subcaves | Found Cargo Legs 2286 | -10/Subcaves | Core integrity fell below 20% 2287 | -10/Subcaves | Befriended Subdweller 2330 | -10/Subcaves | Shifting Twisted Machinery released Sub. Optics 2430 | -10/Subcaves | A Subdweller sparked back to life 2430 | -10/Subcaves | A Subdweller sparked back to life 2436 | -10/Subcaves | Destroyed by WM-08C(R) with Subdweller Shrapnel Launcher Last Messages --------------- 02206_ 4L-MR0 mumbles: "Who knows where that last prototype ended up, probably tossed aside somewhere as if it were useless junk..." 02240_ Acquired 10 matter. 02252_ Searching scrap... 02252_ Found Battle Cannon. 02252_ Found 29 Matter. 02256_ Dropped Grenade Launcher. 02257_ Acquired Battle Cannon. 02283_ Critical hit (Destroy). 02283_ Wheel destroyed. 02287_ 1F-587(R): "WHATUP!" Sub. Optics falls loose from the Twisted Machinery. 02346_ Acquired 5 matter. 02362_ 1F-587(R) affixes Scrap Shield Fragment to Scrap Shield. 02430_ 1C-R5M(R) creaks and sparks as it begins to move. 02430_ PU-9UY(R) creaks and sparks as it begins to move. 02432_ 1F-587(R) destroyed. 02432_ PU-9UY(R) destroyed. 02434_ Sub. Shrapnel Launcher destroyed. 02436_ G2-8TR(R) destroyed. Map ----- +----------------------------------------------------+ | ?????????????????## ## #??????????????? | | ??????????????##?# ## ##?????????????? | | ??????????????# ## ## # ""#?????????? | | ??????????????# ## "" "????????? | | ??????????????# ## "" ""????????? | | ??????????????# ## ###""????????? | | ??????????????## ######???#????????? | | ???????????????# ##?????????????? | | ???????????????# ####??????????? | | ???????????????## ## "# ####???????? | | ????????????????# #### "" "" ???????? | | ????????????????# ###??## "" # ! #??????? | | ????????????????# #????## " ##??##??????? | | ????????????????# ##??## " ##??????????? | | ????????????????## #??# #??????????? | | ????????????????## #??## #??????????? | | ??????????????### ###### #??????????? | | ??????????????# ## #??????????? | | ???????????????# [ < < % #??????????? | | ????????????#### &|& # ##??????????? | | ???????????## ;*%&! < ####* #??????????? | | ???????????# %&!%< ###% #??????????? | | ???????????# R< ## ! #??????????? | | ????????????# ;##### #??????????? | | ????????????# [ ;##??##%* #??????????? | | ????????????# @ #### ##?????????? | | ????????????# # #?????????? | | ????????????# ; ;# #?????????? | | ????????????###; ; #?????????? | | ??????????????# ### #?????????? | | ??????????????# #?# ##?????????? | | ??????????????## #?# % ####??????????? | | ??????????????## ##?# #####????????????? | | ??????????????# #?# ### ##???????????? | | ??????????????# ### #???????????? | | ??????????????# ### ##???????????? | | ??????????????## #?# ##???????????? | | ???????????????# #?# ##??????????? | | ???????????????# #?# #??????????? | | ???????????????# ### ###??????????? | | ??????????????## ##????????????? | | ??????????????# #?????????????? | | ??????????????# #?????????????? | | ??????????????# ####?????????????? | | ??????????????# ######????????????????? | | ??????????????## #?????????????????????? | | ???????????????## #?????????????????????? | | ????????????????# #?????????????????????? | | ???????????????? #?????????????????????? | | ??????????????? #?????????????????????? | +----------------------------------------------------+ Best States ------------- Heat Dissipation 25 Energy Generation 10 Energy Capacity 250 Matter Stores 300 Matter Capacity 300 Sight Range 16 Terrain Scan Density 10 Evasion (%) 50 Item Schematics ----------------- None Robot Schematics ------------------ None Fabricated ------------ Nothing Alien Tech Used ----------------- None Achievements -------------- None Challenges ------------ None Game ------ Seed HeartTrapLauncher Manual? 0 Play Time 00:21:36 Cumulative 425.2 hours Start 2023.07.10 @ 21:05:14 End 2023.07.12 @ 21:42:55 Sessions 4 Manual Loads 0 Difficulty Rogue Special Mode None Game No. 206 Rogue 202 Adventurer 0 Explorer 4 Win Type - Total 24 Types 8/1/2/5/1/2/3/1/1 Lore% 83 Gallery% 86 Achievement% 80 Wizard Run 0 Options --------- ASCII 0 Keyboard 0 Movement Mouse Keybinds 0 Fullscreen 1 Font 18/SmallcapsGlow Map View 76x50 Tactical HUD 1 Map Filters NONE Filters NONE Steam 1 RUN: c50f0964-0c7e-4586-911f-73e61ee8d610